 Dungeon Crawl Stone Soup version 0.28-a0-730-g892d06dc2c (webtiles) character file.

Game seed: 16583455203887212153

68348 karkarkar the Executioner (level 14, -5/129 HPs)
             Began as a Minotaur Fighter on Oct 28, 2021.
             Was the Champion of Okawaru.
             Shot with an arrow by Nessos (8 damage)
             ... while paralysed by Nessos
             ... on level 2 of the Orcish Mines.
             The game lasted 00:59:05 (25557 turns).

karkarkar the Executioner (Minotaur Fighter)       Turns: 25557, Time: 00:59:06

Health: -5/129     AC: 24    Str: 23    XL:     14   Next: 86%
Magic:  17/17      EV:  2    Int:  5    God:    Okawaru [******]
Gold:   1966       SH:  0    Dex: 13    Spells: 13/13 levels left

rFire   . . .      SeeInvis .   a - +8 frozen axe "Frostbite" {freezing cloud, *Noise Fly rC+}
rCold   + . .      Faith    .   (shield currently unavailable)
rNeg    . . .      Spirit   .   G - +0 plate armour
rPois   .          Reflect  +   I - +1 hat {Stlth+}
rElec   .          Harm     .   c - +1 cloak {rCorr}
rCorr   +          Rampage  .   u - +0 pair of gloves
Will    +....                   U - +0 pair of boots
Stlth   ..........              i - amulet of reflection
HPRegen 0.31/turn               s - +4 ring of protection
MPRegen 0.15/turn               Z - ring of resist corrosion

@: paralysed, lethally poisoned (-5 -> -64), flying
A: horns 2, retaliatory headbutt
a: Renounce Religion, Heroism, Finesse, Duel


You were on level 2 of the Orcish Mines.
You worshipped Okawaru.
Okawaru was exalted by your worship.
You visited 4 branches of the dungeon, and saw 21 of its levels.

You collected 2148 gold pieces.
You spent 182 gold pieces at shops.

Inventory:

Hand Weapons
 a - the +8 frozen axe "Frostbite" (weapon) {freezing cloud, *Noise Fly rC+}
   (You acquired it on level 7 of the Dungeon)

   It freezes those it strikes, dealing additional cold damage.
   It can also slow down cold-blooded creatures.
   It occasionally leaves clouds of freezing vapour upon striking a foe.
   It grants immunity to clouds of freezing vapour.
   rC:        It protects you from cold.
   Fly:       It grants you flight.
   *Noise:    It may make noises in combat.
 b - a +0 hand axe of flaming
 y - a +2 broad axe of draining
Missiles
 f - 90 poisoned darts
 x - 3 curare-tipped darts
 D - 12 boomerangs
 F - 3 silver boomerangs
 R - 9 atropa-tipped darts
Armour
 c - a +1 cloak of preservation (worn)
 u - a +0 pair of gloves (worn)
 G - a +0 plate armour (worn)
 H - a +1 scale mail of poison resistance
 I - a +1 hat of stealth (worn)
 N - a +2 buckler
 U - a +0 pair of boots (worn)
Jewellery
 i - an amulet of reflection (around neck)
 s - a +4 ring of protection (left hand)
 t - a +4 ring of evasion
 Z - a ring of resist corrosion (right hand)
Wands
 q - a wand of flame (142)
 w - a wand of iceblast (13) (quivered)
 B - a wand of paralysis (18)
 Q - a wand of acid (12)
 X - a wand of mindburst (18)
 Y - a wand of digging (2)
Scrolls
 e - 5 scrolls of teleportation
 k - 3 scrolls of torment
 n - 3 scrolls of noise
 p - 3 scrolls of blinking
 v - 2 scrolls of silence
 J - 3 scrolls of fog
 K - 2 scrolls of magic mapping
 L - 2 scrolls of immolation
 S - 2 scrolls of fear
 V - 3 scrolls of enchant armour
 W - 2 scrolls of summoning {unknown}
Potions
 d - 3 potions of might
 g - 4 potions of brilliance
 h - a potion of heal wounds
 j - a potion of invisibility
 l - 3 potions of berserk rage
 o - 6 potions of lignification
 r - 8 potions of curing
 z - 2 potions of ambrosia {unknown}
 C - a potion of magic {unknown}
 E - 2 potions of resistance
 M - a potion of attraction {unknown}
 P - 3 potions of flight {unknown}
 T - 3 potions of mutation {unknown}


   Skills:
 + Level 13.5 Fighting
 - Level 24.0 Axes
 * Level 4.0 Throwing
 + Level 9.0 Armour
 - Level 1.7 Stealth
 - Level 4.0 Shields
 * Level 6.1 Invocations
 * Level 6.2 Evocations


You had 13 spell levels left.
You didn't know any spells.
Your spell library contained the following spells:

 Spells                   Type           Power      Damage    Failure   Level
 Apportation              Tloc           0%         N/A       100%        1
 Shock                    Conj/Air       0%         1d3       100%        1
 Corpse Rot               Necr/Air       0%         N/A       100%        2
 Slow                     Hex            0%         N/A       100%        2
 Confusing Touch          Hex            0%         N/A       100%        3
 Gell's Gravitas          Tloc           0%         N/A       100%        3
 Lesser Beckoning         Tloc           0%         N/A       100%        3
 Teleport Other           Tloc           0%         N/A       100%        3
 Vampiric Draining        Necr           0%         2d6       100%        3
 Airstrike                Air            0%         N/A       100%        4
 Dispersal                Tloc           0%         N/A       100%        6
 Storm Form               Tmut/Air       0%         N/A       100%        7
 Maxwell's Capacitive Co  Air            0%         ∞         100%        8
 Animate Skeleton         Necr           Unusable   N/A       N/A         1
 Summon Small Mammal      Summ           Unusable   N/A       N/A         1
 Call Canine Familiar     Summ           Unusable   N/A       N/A         3
 Summon Guardian Golem    Hex/Summ       Unusable   N/A       N/A         3
 Summon Lightning Spire   Summ/Air       Unusable   N/A       N/A         4

Dungeon Overview and Level Annotations

Branches:
Dungeon (12/15)            Temple (1/1) D:7            Lair (6/6) D:11
  Swamp (0/4) Lair:4        Snake (0/4) Lair:2        Slime (0/5) Lair:5
    Orc (2/2) D:11            Elf (0/3) Orc:2

Altars:
Ashenzari
Cheibriados
Dithmenos
Elyvilon
Fedhas
Gozag
Hepliaklqana
Kikubaaqudgha
Makhleb
Nemelex Xobeh
Okawaru
Qazlal
Ru
Sif Muna
Trog
Uskayaw
Vehumet
Wu Jian
Xom
Yredelemnul
Zin
The Shining One
Beogh

Shops:
D:12 :   Orc:2 ((?

Portals:
Trove: D:12 (give 6 scrolls of fear)

Annotations:
Lair:6 3 runed translucent doors, Buerreg's ghost, journeyman KoGl; Hoseluit's ghost, journeyman DEAE; Uzoch's ghost, journeyman DsCA
Orc:2 Nessos


Innate Abilities, Weirdness & Mutations

You have a pair of horns on your head.
You reflexively headbutt those who attack you in melee.


Message History

Nessos zaps a wand.
You easily resist.
You are too injured to fight recklessly!
You are too injured to fight recklessly!
Okay, then.
You feel much better.
Nessos zaps a wand.
You easily resist.
The orc knight hits you but does no damage.
Nessos wields a +1 longbow of flaming.
It bursts into flame!
Nessos shoots an arrow.
You reflect the arrow off an invisible shield around you!
The arrow barely misses Nessos.
The orc knight no longer looks unusually strong.
Nessos shoots an arrow.
The arrow hits you! The arrow burns you.
An orc warrior comes into view. It is wielding a +0 dire flail.
Nessos zaps a wand.
You suddenly lose the ability to move!
You hear a shout!
Nessos zaps a wand.
You easily resist.
Nessos shoots an arrow.
The arrow hits you. The arrow burns you.
The orc knight roars a battlecry!
The orc warrior goes into a battle-frenzy!
Nessos shoots an arrow.
The arrow hits you. The arrow burns you.
You are poisoned.
You feel very sick.
Nessos shoots an arrow.
The arrow hits you. The arrow burns you.
You are more poisoned.
The orc knight hits you with a +0 long sword!
* * * LOW HITPOINT WARNING * * *
Nessos shoots an arrow.
The arrow hits you!
* * * LOW HITPOINT WARNING * * *
The arrow burns you.
You are lethally poisoned!
* * * LOW HITPOINT WARNING * * *
You hear a shout!
* * * LOW HITPOINT WARNING * * *
You feel extremely sick.
The orc warrior no longer looks unusually strong.
Nessos shoots an arrow.
The arrow hits you!!
* * * LOW HITPOINT WARNING * * *
The arrow burns you!
You are more poisoned.
You die...

...... ... ......
#.. ..8... #..
...... #o# .###'#
##.# .# .o# .# #.
#o# .# #. #. #o# .#
##.###.###@#######
..
...................
..........)........
#....#............
###.............>..
##........)..)......
#.........†#......c.
#.#.......#........
#.....).##........


You could see Nessos (fast), an orc knight and 3 orc warriors.

Vanquished Creatures
  Rupert (Orc:2)
  An orc warlord (Orc:1)
  Erolcha (D:10)
  Harold (D:9)
  5 hydras
  A centaur warrior (D:11)
  A two-headed ogre (D:7)
  5 death yaks
  Nergalle (Lair:3)
  2 goliath frogs (Lair:6)
  4 orc knights (Orc:2)
  An orc sorcerer (Orc:2)
  A will-o-the-wisp (Lair:4)
  2 cyclopes
  22 elephants
  A manticore (D:8)
  6 black mambas
  2 gargoyles
  23 cane toads
  2 unseen horrors
  16 komodo dragons
  2 rime drakes
  2 polar bears
  4 trolls
  3 tyrant leeches (Lair:6)
  A slime creature (D:7)
  17 blink frogs
  Grinder (D:3)
  7 dream sheep
  Sigmund (D:3)
  A vampire (D:12)
  5 wyverns
  A shadow (D:11)
  A spriggan (Lair:4)
  A wraith (D:11)
  Grum (D:10)
  3 basilisks
  45 yaks
  3 steam dragons (D:8)
  5 wargs
  14 vampire mosquitoes
  Edmund (D:4)
  2 nagas (Lair:2)
  2 acid dragons (D:7)
  13 water moccasins
  A necrophage (D:8)
  35 orc warriors
  2 sky beasts
  2 black bears
  11 wolves
  An ogre (shapeshifter) (D:8)
  6 ogres
  A phantom (D:5)
  15 centaurs
  4 kobold brigands
  24 bullfrogs
  A gnoll sergeant (D:11)
  2 water moccasin skeletons (D:7)
  A wyvern skeleton (D:7)
  18 killer bees
  3 wights (D:8)
  3 electric eels (Lair:3)
  8 howler monkeys
  4 centaur zombies
  A hound (D:6)
  2 jellies
  A gnoll shaman (D:8)
  11 orc priests
  A centaur skeleton (D:5)
  Jessica (D:3)
  Natasha (thrice) (D:4)
  2 iguanas
  11 orc wizards
  2 killer bee zombies
  8 gnolls
  2 howler monkey skeletons (D:6)
  11 adders
  2 shadow imps (D:8)
  A white imp (D:6)
  An adder skeleton (D:4)
  2 worms
  2 dart slugs (D:2)
  66 orcs
  2 bats (D:1)
  9 endoplasms
  6 giant cockroaches
  4 goblins
  5 hobgoblins
  21 kobolds
  4 quokkas
  5 ball pythons
  6 frilled lizards
  3 rats
  2 bushes (Lair:4)
  A butterfly (Lair:4)
  A fungus (Lair:6)
  A plant (Lair:3)
577 creatures vanquished.

Vanquished Creatures (others)
  8 foxfires (Lair:4)
  57 fungi
  113 plants
  5 toadstools (D:4)
  4 withered plants (Lair:6)
187 creatures vanquished.

Grand Total: 764 creatures vanquished

Notes
Turn   | Place    | Note
-------+----------+-------------------------------------------
     0 | D:1      | karkarkar the Minotaur Fighter began the quest for the Orb.
     0 | D:1      | Reached XP level 1. HP: 19/19 MP: 0/0
   209 | D:1      | Reached XP level 2. HP: 25/27 MP: 1/1
   229 | D:1      | Found a faded altar of an unknown god.
  1149 | D:2      | Reached skill level 3 in Axes
  1203 | D:2      | Reached XP level 3. HP: 23/33 MP: 2/2
  1540 | D:2      | Reached skill level 4 in Axes
  1806 | D:3      | Noticed Jessica
  1809 | D:3      | Killed Jessica
  1810 | D:3      | Reached XP level 4. HP: 40/40 MP: 3/3
  2003 | D:3      | Noticed Sigmund
  2009 | D:3      | Killed Sigmund
  2010 | D:3      | Reached skill level 5 in Fighting
  2010 | D:3      | Reached skill level 6 in Axes
  2010 | D:3      | Reached XP level 5. HP: 38/48 MP: 4/4
  2011 | D:3      | Reached XP level 6. HP: 44/56 MP: 5/5
  2150 | D:3      | Found a basalt altar of Yredelemnul.
  2481 | D:3      | Noticed Grinder
  2481 | D:3      | Paralysed by Grinder for 7 turns
  2500 | D:3      | Killed Grinder
  2501 | D:3      | Reached skill level 7 in Axes
  2763 | D:4      | Noticed Natasha
  2763 | D:4      | Noticed Edmund
  2949 | D:4      | Killed Edmund
  2950 | D:4      | Reached skill level 8 in Axes
  2950 | D:4      | Reached XP level 7. HP: 22/61 MP: 6/6
  3111 | D:4      | Killed Natasha
  3639 | D:4      | Reached skill level 9 in Axes
  4197 | D:4      | Noticed Natasha
  4206 | D:4      | Killed Natasha
  4505 | D:5      | Entered Level 5 of the Dungeon
  4516 | D:5      | Reached skill level 1 in Throwing
  4583 | D:5      | Noticed a vampire mosquito
  4583 | D:5      | Noticed a vampire mosquito
  4583 | D:5      | Noticed a vampire mosquito
  4607 | D:4      | Killed a vampire mosquito
  4608 | D:4      | Reached skill level 10 in Axes
  4608 | D:4      | Reached XP level 8. HP: 18/70 MP: 7/7
  4956 | D:4      | Noticed Natasha
  4962 | D:4      | Killed Natasha
  5022 | D:5      | Found a white marble altar of Elyvilon.
  5292 | D:5      | Reached skill level 11 in Axes
  5292 | D:5      | Reached skill level 1 in Stealth
  5920 | D:6      | Reached skill level 12 in Axes
  6215 | D:6      | Reached skill level 1 in Evocations
  6298 | D:7      | Found a staircase to the Ecumenical Temple.
  6312 | D:7      | Reached XP level 9. HP: 60/79 MP: 8/8
  6317 | Temple   | Entered the Ecumenical Temple
  6550 | Temple   | Became a worshipper of Warmaster Okawaru
  6686 | D:7      | Reached skill level 13 in Axes
  7063 | D:7      | Found a runed translucent door.
  7064 | D:7      | Found a runed translucent door.
  7064 | D:7      | Noticed a komodo dragon
  7064 | D:7      | Noticed a two-headed ogre
  7196 | D:7      | Reached * piety under Okawaru
  7905 | D:7      | Reached skill level 14 in Axes
  8015 | D:7      | Identified the +4 long sword of Psychosis {speed, rN+}
  8015 | D:7      | Identified the +5 dagger of Courage {vorpal, Fly rF+ SInv}
  8016 | D:7      | Got Jegexiet's Guide on Floating Unholy Magic
  8063 | D:7      | Identified a scroll of acquirement
  8064 | D:7      | Acquired the +8 frozen axe "Frostbite" {freezing cloud,
                  | *Noise Fly rC+}
  8064 | D:7      | Found the +8 frozen axe "Frostbite" {freezing cloud, *Noise
                  | Fly rC+}
  8269 | D:8      | Reached ** piety under Okawaru
  8353 | D:8      | Reached XP level 10. HP: 88/88 MP: 9/9
  8424 | D:8      | Identified the +0 leather armour of Theory {rN+ Int+3
                  | Dex+4}
  8464 | D:8      | Reached skill level 15 in Axes
  8550 | D:8      | Reached *** piety under Okawaru
  8806 | D:8      | Noticed a manticore
  8811 | D:8      | Killed a manticore
  8812 | D:8      | Reached skill level 16 in Axes
  9397 | D:9      | Noticed Harold
  9403 | D:9      | Killed Harold
  9403 | D:9      | Reached **** piety under Okawaru
  9440 | D:9      | Reached skill level 17 in Axes
 10355 | D:7      | Received a gift from Okawaru
 10356 | D:7      | Reached XP level 11. HP: 87/95 MP: 7/10
 10360 | D:7      | Killed a two-headed ogre
 10361 | D:7      | Reached skill level 18 in Axes
 10471 | D:10     | Entered Level 10 of the Dungeon
 10875 | D:10     | Noticed Erolcha
 10886 | D:10     | Reached ***** piety under Okawaru
 10891 | D:10     | Noticed Grum
 10901 | D:10     | Killed Erolcha
 10902 | D:10     | Reached skill level 19 in Axes
 10906 | D:10     | Killed Grum
 11116 | D:10     | Found a shimmering blue altar of Sif Muna.
 11117 | D:10     | Found a stormy altar of Qazlal.
 11117 | D:10     | Found a hide-covered altar of Uskayaw.
 11119 | D:10     | Found a hazy altar of Hepliaklqana.
 11611 | D:11     | Found a staircase to the Orcish Mines.
 11712 | D:11     | Noticed a centaur warrior
 11713 | D:11     | Killed a centaur warrior
 12051 | D:11     | Reached skill level 20 in Axes
 12233 | D:11     | Found a staircase to the Lair.
 13239 | D:12     | Received a gift from Okawaru
 13812 | D:12     | Found Naubraor's Book Shoppe.
 13998 | D:12     | Found a portal to a secret trove of treasure.
 14068 | D:12     | Reached XP level 12. HP: 93/103 MP: 11/11
 14374 | Lair:1   | Entered Level 1 of the Lair of Beasts
 14375 | Lair:1   | Noticed a seven-headed hydra
 14389 | Lair:1   | Killed a two-headed hydra
 14390 | Lair:1   | Reached skill level 21 in Axes
 14800 | Lair:1   | Reached ****** piety under Okawaru
 15083 | Lair:1   | Found a sparkling altar of Nemelex Xobeh.
 15267 | Lair:1   | Received a gift from Okawaru
 15862 | Lair:2   | Found a staircase to the Snake Pit.
 15979 | Lair:2   | Reached skill level 22 in Axes
 17127 | Lair:3   | Noticed Nergalle
 17139 | Lair:3   | Killed Nergalle
 17139 | Lair:3   | Received a gift from Okawaru
 17215 | Lair:3   | Reached skill level 23 in Axes
 18280 | Lair:3   | Reached XP level 13. HP: 104/110 MP: 12/12
 18415 | Lair:4   | Found a staircase to the Swamp.
 18431 | Lair:4   | Received a gift from Okawaru
 18625 | Lair:4   | Reached skill level 24 in Axes
 18650 | Lair:4   | Reached skill level 1 in Invocations
 19246 | Lair:4   | Identified the +3 leather armour of Death Resistance {-Tele
                  | Fly rPois Slay-3}
 19685 | Lair:5   | Found a staircase to the Slime Pits.
 19688 | Lair:5   | Received a gift from Okawaru
 19723 | Lair:5   | Reached skill level 5 in Armour
 20023 | Lair:5   | Reached skill level 10 in Fighting
 20715 | Lair:6   | Entered Level 6 of the Lair of Beasts
 20722 | Lair:6   | Received a gift from Okawaru
 20764 | Lair:6   | Reached XP level 14. HP: 85/124 MP: 16/16
 21101 | Lair:6   | Reached skill level 5 in Evocations
 21897 | Lair:6   | Reached skill level 5 in Invocations
 22136 | Lair:6   | Received a gift from Okawaru
 22293 | Lair:6   | Received a gift from Okawaru
 22662 | Lair:6   | Found a runed translucent gate.
 22662 | Lair:6   | Found a runed translucent gate.
 22662 | Lair:6   | Found a runed translucent gate.
 22663 | Lair:6   | Noticed Hoseluit's ghost (journeyman DEAE)
 22664 | Lair:6   | Noticed Uzoch's ghost (journeyman DsCA)
 22665 | Lair:6   | Noticed Buerreg's ghost (journeyman KoGl)
 23283 | Orc:1    | Entered Level 1 of the Orcish Mines
 24177 | Orc:2    | Entered Level 2 of the Orcish Mines
 24327 | Orc:2    | Noticed an orc warlord
 24688 | Orc:1    | Killed an orc warlord
 24994 | Orc:2    | Found Fikosafi's Antique Weapon Boutique.
 24994 | Orc:2    | Found Saeklydy's Magic Scroll Emporium.
 25020 | Orc:2    | Bought a scroll of identify for 28 gold pieces
 25020 | Orc:2    | Bought a scroll of enchant armour for 105 gold pieces
 25020 | Orc:2    | Bought a scroll of fear for 49 gold pieces
 25189 | Orc:2    | Found Racueh's Antique Weapon Shop.
 25313 | Orc:2    | Noticed Rupert
 25323 | Orc:2    | Killed Rupert
 25536 | Orc:2    | Found a staircase to the Elven Halls.
 25550 | Orc:2    | Noticed Nessos
 25554 | Orc:2    | Paralysed by Nessos for 5 turns
 25557 | Orc:2    | HP: 3/129 [Nessos/arrow (18)]
 25557 | Orc:2    | Shot with an arrow by Nessos

Illustrated notes

Levels and vault maps discovered:
D:1:      dpeg_arrival_solitude, layout_basic,
          ebering_ecumenical_altar_abandoned, minmay_misc_feat_iff
D:2:      layout_basic
D:3:      layout_loops_ring, mainiacjoe_overflow_alcove_1, uniq_sigmund,
          uniq_jessica, uniq_grinder
D:4:      layout_gridville, minmay_gold_behind_fungi, amcnicky_mini_pool_small,
          minmay_quadrilaterals, uniq_edmund, uniq_natasha
D:5:      layout_gridville, elyvilon_altar_5,
          hangedman_abyss_or_decor_lesser_grid
D:6:      layout_loops_ring
D:7:      minmay_the_grid_four_pointed_star [minmay_the_grid_triangle_9x9_cache,
          minmay_the_grid_triangle_9x9_zippers_horizontal,
          minmay_the_grid_triangle_9x9_tough_junction,
          minmay_the_grid_triangle_9x9_limited_checkers,
          minmay_the_grid_prize_shrinking_boxes], layout_loops_ring,
          minmay_temple_entry_arrows, kennysheep_generic_room_3
D:8:      layout_loops_ring, grunt_potential
D:9:      layout_loops_ring, kennysheep_generic_room_12, uniq_harold
D:10:     layout_loops_ring, grunt_temple_overflow_open, uniq_grum, uniq_erolcha
D:11:     layout_basic, lair_entry_dummy, orc_0_dummy
D:12:     layout_stronghold, nicolae_trove_entry_crossroad,
          nicolae_inconvenience_store, grunt_ministairs_8
Temple:   kb_temple_of_zot
Lair:1:   layout_small_grid, basic_altar, lemuel_fruit_tree, grunt_megastairs_4,
          lemuel_fruit_fields, serial_bayou_shore_b, infiniplex_staircase_pool_2
Lair:2:   wander_river, layout_cave_pods, guppyfry_snake_entry_island
Lair:3:   layout_gridlike, gauntlet_entry_generic, serial_bayou_shore_a,
          infiniplex_staircase_pool, serial_bayou_shore_b, uniq_nergalle
Lair:4:   layout_loops_ring, minmay_swamp_entry_wisps,
          small_statue_intersection, grunt_forest_large_clearing_hut,
          lemuel_fruit_fields
Lair:5:   layout_loops_ring, slime_dummy, beast_lair_carwin_6
Lair:6:   minmay_lair_end_frog_pond, layout_gridlike, gammafunk_ghost_cemetery,
          pond
Orc:1:    layout_caves, uniq_erica
Orc:2:    st_orc_town, layout_diamond_mine, serial_shops, nicolae_diamond_shop,
          minmay_shop_mass, hangedman_feature_mirror, uniq_nessos, uniq_rupert

Skill      XL: |  1  2  3  4  5  6  7  8  9 10 11 12 13 14 |
---------------+-------------------------------------------+-----
Fighting       | 4 5 7 8 11 13 | 13.5
Axes           | 3 4 6 8 10 12 14 17 20 23 24 | 24.0
Shields        | 4 |  4.0
Throwing       | 1 4 |  4.0
Stealth        | 1 |  1.7
Evocations     | 1 4 6 |  6.2
Armour         | 7 9 |  9.0
Invocations    | 4 6 |  6.1

Action                   |  1- 3 |  4- 6 |  7- 9 | 10-12 | 13-15 || total
-------------------------+-------+-------+-------+-------+-------++-------
Melee: War axe           |    76 |    54 |   218 |       |       ||   348
       Headbutt          |    10 |    11 |    47 |    60 |    91 ||   219
       Executioner's axe |       |       |    28 |   367 |   446 ||   841
       Hand axe          |       |       |       |     7 |    32 ||    39
Throw: Dart              |     2 |     4 |       |       |     2 ||     8
       Boomerang         |       |       |     1 |       |     4 ||     5
Invok: Heroism           |       |       |       |     2 |     2 ||     4
       Finesse           |       |       |       |       |     1 ||     1
Evoke: Wand              |       |     1 |     3 |     1 |     3 ||     8
  Use: Scroll            |     2 |       |     6 |    10 |     7 ||    25
       Potion            |       |     1 |     2 |     1 |     3 ||     7
 Stab: Distracted        |       |       |       |     1 |     1 ||     2
Armor: Scale mail        |    21 |    16 |    13 |     7 |   106 ||   163
       Chain mail        |       |       |    86 |       |       ||    86
       Skin              |       |       |     4 |       |       ||     4
       Plate armour      |       |       |    23 |   226 |    25 ||   274
Dodge: Dodged            |    22 |    12 |    80 |   136 |   164 ||   414
Block: Buckler           |    26 |    13 |    94 |       |       ||   133
       Reflection        |     3 |       |     6 |    12 |     2 ||    23
       Other             |       |       |     8 |    86 |    71 ||   165

Table legend: (Time is in decaauts)
 A = Elapsed time spent in this place.
 B = Non-inter-level travel time spent in this place.
 C = Inter-level travel time spent in this place.
 D = Time resting spent in this place.
 E = Time spent auto-exploring this place.
 F = Levels seen in this place.
 G = Mean time per level.
                   A        B        C        D        E       F      G
               +--------+--------+--------+--------+--------+-----+--------+
         Total |  25386 |  23969 |   1417 |   4697 |  14622 |  21 | 1208.9 |
       Dungeon |  14865 |  13868 |    997 |   2637 |   8754 |  12 | 1238.8 |
        Temple |    261 |    233 |     28 |    102 |     92 |   1 |  261.0 |
          Lair |   8736 |   8346 |    390 |   1832 |   5032 |   6 | 1456.0 |
  Orcish Mines |   1523 |   1523 |      0 |    126 |    744 |   2 |  761.5 |
               +--------+--------+--------+--------+--------+-----+--------+

Top non-repeatable levels by time:
     D:4: 2142 daAuts
    D:11: 2050 daAuts
     D:7: 1806 daAuts
  Lair:3: 1702 daAuts
  Lair:5: 1675 daAuts
  Lair:4: 1456 daAuts
  Lair:6: 1450 daAuts
  Lair:1: 1430 daAuts
     D:8: 1198 daAuts
    D:10: 1157 daAuts
     D:1: 1139 daAuts
    D:12: 1118 daAuts
     D:9: 1062 daAuts
  Lair:2: 1020 daAuts
     D:3: 1014 daAuts
